 Dungeon Crawl Stone Soup version 0.31.0-9-g3a7656b989 (webtiles) character file.

Game seed: 14610617043393070536

63 qw the Shooter (level 3, -6/20 HPs)
             Began as a Deep Elf Hunter on Feb 2, 2024.
             Mangled by Terence
             ... wielding a +3 flail of distortion
              (14 damage)
             ... on level 3 of the Dungeon.
             The game lasted 00:00:05 (2178 turns).

qw the Shooter (Deep Elf Hunter)                    Turns: 2178, Time: 00:00:06

Health: -6/20      AC:  6    Str: 10    XL:     3   Next: 89%
Magic:  5/5        EV: 11    Int: 13    God:
Gold:   26         SH:  0    Dex: 18    Spells: 2/2 levels left

rFire   . . .        a - +1 shortbow
rCold   . . .        (shield currently unavailable)
rNeg    . . .        b - +0 ring mail
rPois   .            (no helmet)
rElec   .            (no cloak)
rCorr   .            g - +0 pair of gloves
SInv    .            (no boots)
Will    .....        (no amulet)
Stlth   +            (no ring)
HPRegen 0.23/turn    (no ring)
MPRegen 0.09/turn

%: no passive effects
@: no status effects
A: no striking features
a: no special abilities


You were on level 3 of the Dungeon.
You visited 1 branch of the dungeon, and saw 3 of its levels.

You collected 26 gold pieces.


   Skills:
 - Level 1.5 Fighting
 + Level 7.3 Ranged Weapons
 - Level 2.4 Dodging
 - Level 1.2 Stealth


You had 2 spell levels left.
You didn't know any spells.
Your spell library was empty.

Inventory:

Hand Weapons
 a - a +1 shortbow (weapon)
Armour
 b - a +0 ring mail (worn)
 g - a +0 pair of gloves (worn)
Potions
 d - a potion of might
 e - a potion of curing {unknown}
 f - 3 potions of cancellation
 h - a potion of berserk rage {unknown}
 k - a potion of lignification {unknown}
 l - a potion of invisibility {unknown}

Dungeon Overview and Level Annotations

Branches:
Dungeon (3/15)

Altars:

Shops:
D:2 :

Annotations:
D:3 Terence


Message History

Found a stone staircase leading down.
A ribbon worm comes into view.
Found a scroll labelled TYSHUS TEGG.
You shoot an arrow. The arrow hits the ribbon worm.
The ribbon worm is moderately wounded.
You shoot an arrow. The arrow hits the ribbon worm!
The ribbon worm is severely wounded.
You shoot an arrow. The arrow hits the ribbon worm.
The ribbon worm is almost dead.
You shoot an arrow. The arrow hits the ribbon worm.
The ribbon worm is almost dead.
The ribbon worm expels a string of sticky webbing.
The stream of webbing hits you but does no damage.
You are caught in a web!
The web tears apart.
You shoot an arrow. The arrow hits the ribbon worm!
You kill the ribbon worm!
Terence the Incautious comes into view.
He is wielding a +3 flail of distortion and wearing a +1 scale mail of fire resistance.
You shoot an arrow. The arrow hits Terence.
Terence shouts!
Terence is moderately wounded.
Terence screams, "I'm going to kill you!"
You shoot an arrow. The arrow hits Terence.
Terence is moderately wounded.
Found 19 gold pieces.
Found an escape hatch in the ceiling.
Terence hits you with a +3 flail of distortion.
You shoot an arrow. The arrow hits Terence.
Terence is heavily wounded.
Terence hits you with a +3 flail of distortion!
You shoot an arrow. The arrow closely misses Terence.
Terence closely misses you.
You shoot an arrow. The arrow closely misses Terence.
Terence misses you.
You shoot an arrow. The arrow hits Terence.
Terence is severely wounded.
Terence hits you with a +3 flail of distortion.
Space warps horribly around you!
Ouch! That really hurt!
You die...
Terence says, "That felt goooood."

....#.##...<#
#.#.#.......# ..
#.#.?.##.#.####.## ##
#.###.##.#......<. ..
#.# #.##.#..###.## .#
#.###.##.#..###.# ..#
...##.##.#...##.##.?###.
.#.##.##....#.#.>.......
...##.##.#.....>@....#
#### .#.....###.#@......
#..##.##..#.$.....
#.#.#.#.#.#.###.#. #
#......##.#.# # ##
#.....#)###..<#
.####.......# ###.#
...##.......# .#
.#.##........ .


You could see Terence.

Vanquished Creatures
  3 adders
  2 ribbon worms
  3 bats (D:1)
  2 endoplasms (D:1)
  A giant cockroach (D:1)
  A goblin (D:2)
  4 hobgoblins
  2 jackals (D:1)
  A quokka (D:1)
  A frilled lizard (D:1)
  7 kobolds
  7 rats
34 creatures vanquished.

Notes
Turn   | Place    | Note
-------+----------+-------------------------------------------
     0 | D:1      | qw the Deep Elf Hunter began the quest for the Orb.
     0 | D:1      | Reached XP level 1. HP: 12/12 MP: 3/3
     0 | D:1      | 0 ||| qw: Version: 0.3-a-155-g5e7d8dd
     0 | D:1      | 0 ||| qw: Game counter: 1909
     0 | D:1      | 0 ||| qw: Melee chars always use a shield: true
     0 | D:1      | 0 ||| qw: God list: Okawaru
     0 | D:1      | 0 ||| qw: Allow faded altars: false
     0 | D:1      | 0 ||| qw: Do Orc after clearing Dungeon:15 true
     0 | D:1      | 0 ||| qw: Do second Lair branch before Depths: true
     0 | D:1      | 0 ||| qw: Lair rune preference: random
     0 | D:1      | 0 ||| qw: Goals: Normal
     0 | D:1      | 0 ||| PLANNING D:1-11
    94 | D:1      | Reached skill level 6 in Ranged Weapons
    94 | D:1      | Reached XP level 2. HP: 16/16 MP: 4/4
   820 | D:1      | 820 ||| READING scroll labelled CICOUM NOTI.
   921 | D:1      | 921 ||| READING 2 scrolls labelled JISTRI XUESESHRI.
   921 | D:1      | 921 ||| IDENTIFYING silvery potion
   922 | D:1      | 922 ||| READING scroll of identify.
   922 | D:1      | 922 ||| IDENTIFYING bubbling cyan potion
   923 | D:1      | 923 ||| DROPPING scroll of butterflies.
   958 | D:2      | Reached XP level 3. HP: 20/20 MP: 5/5
   969 | D:2      | You fall into a shaft and drop 1 floor!
  1040 | D:3      | Reached skill level 7 in Ranged Weapons
  1158 | D:3      | 1158 ||| READING 3 scrolls labelled NEXKIS QUUCALO.
  1259 | D:3      | 1259 ||| READING scroll labelled PIRRATH HUAC.
  1259 | D:3      | 1259 ||| ENCHANTING +0 shortbow.
  1260 | D:3      | 1260 ||| DROPPING 2 scrolls of vulnerability.
  1488 | D:2      | Found Romigg's Vocational Training.
  2072 | D:2      | 2072 ||| UPGRADING to +0 ring mail.
  2082 | D:2      | 2082 ||| DROPPING +0 leather armour.
  2083 | D:2      | 2083 ||| UPGRADING to +0 pair of gloves.
  2088 | D:2      | 2088 ||| READING scroll labelled BIOFOCHUPRI.
  2089 | D:2      | 2089 ||| READING scroll labelled CUMPOSOLUI.
  2171 | D:3      | Noticed Terence
  2178 | D:3      | Mangled by Terence

Levels and vault maps discovered:
D:1:      doesnt_arrival_eight_statues, layout_basic
D:2:      layout_basic, nicolae_shop_vocational
D:3:      layout_loops_ring, uniq_terence

Skill      XL: |  1  2  3 |
---------------+----------+-----
Ranged Weapons | 6 7 |  7.3
Fighting       | |  1.5
Dodging        | |  2.4
Stealth        | |  1.2

Action                     || total
---------------------------++-------
   Fire: Shortbow          ||   109
    Use: Scroll            ||     7
 Armour: Leather armour    ||    19
         Ring mail         ||     3
  Dodge: Dodged            ||    29

Table legend:
 A = Non-vault XP
 B = Vault XP
 C = Vault XP percentage of total XP
 D = Non-vault monster count
 E = Vault monster count
 F = Vault count percentage of total count
                 A         B        C        D         E       F
            +---------+---------+-------+---------+---------+-------
      Total |      91 |       0 |   0.0 |      34 |       0 |   0.0
            +---------+---------+-------+---------+---------+-------
        D:1 |      33 |       0 |   0.0 |      22 |       0 |   0.0
        D:2 |      26 |       0 |   0.0 |       7 |       0 |   0.0
        D:3 |      32 |       0 |   0.0 |       5 |       0 |   0.0
            +---------+---------+-------+---------+---------+-------
